 Dungeon Crawl Stone Soup version 0.28-a0-194-g42b4daccc1 (webtiles) character file.

Game seed: 7477150990977513645

67 bande the Shield-Bearer (level 4, 28/28 HPs)
             Began as a Gargoyle Fighter on Aug 19, 2021.
             Quit the game on level 3 of the Dungeon.
             The game lasted 00:03:23 (2641 turns).

bande the Shield-Bearer (Gargoyle Fighter)          Turns: 2641, Time: 00:03:24

Health: 28/28      AC: 11    Str: 20    XL:     4   Next: 16%
Magic:  4/4        EV:  8    Int:  8    God:
Gold:   118        SH:  8    Dex: 10    Spells: 3/3 levels left

rFire   + . .      SeeInvis .   a - +0 war axe
rCold   + . .      Faith    .   c - +0 kite shield
rNeg    + . .      Spirit   .   e - +2 ring mail {rF+}
rPois   ∞          Reflect  .   (helmet restricted)
rElec   +          Harm     .   (no cloak)
rCorr   .          Rampage  .   (no gloves)
Will    .....                   (no boots)
Stlth   ..........              (no amulet)
HPRegen 0.09/turn               (no ring)
MPRegen 0.09/turn               (no ring)

@: no status effects
A: sickness immunity, AC +3, negative energy resistance 1, electricity
resistance, torment resistance 1, petrification resistance, beak, cold
resistance 1, no potion heal 1, inability to read while threatened
a: no special abilities


You were on level 3 of the Dungeon.
You visited 1 branch of the dungeon, and saw 3 of its levels.

You collected 118 gold pieces.

Inventory:

Hand Weapons
 a - a +0 war axe (weapon)
Armour
 c - a +0 kite shield (worn)
 e - a +2 ring mail of fire resistance (worn)
Scrolls
 b - a scroll of fog
 f - a scroll of vulnerability {unknown}
Potions
 d - a potion of might
 h - a potion of flight
 i - a potion of heal wounds
 j - a potion of cancellation


   Skills:
 + Level 3.5 Fighting
 + Level 2.4 Axes
 + Level 4.0 Armour
 + Level 0.4 Dodging
 + Level 4.0 Shields


You had 3 spell levels left.
You didn't know any spells.
Your spell library contained the following spells:

 Spells                   Type           Power      Damage    Failure   Level
 Corona                   Hex            0%         N/A       96%         1
 Shock                    Conj/Air       0%         1d3       96%         1
 Ensorcelled Hibernation  Hex/Ice        0%         N/A       99%         2
 Swiftness                Air            0%         N/A       100%        3
 Tukima's Dance           Hex            0%         N/A       100%        3
 Airstrike                Air            0%         N/A       100%        4
 Summon Ice Beast         Ice/Summ       0%         N/A       100%        4
 Summon Mana Viper        Hex/Summ       0%         N/A       100%        5
 Monstrous Menagerie      Summ           0%         N/A       100%        7


Dungeon Overview and Level Annotations

Branches:
Dungeon (3/15)

Altars:
Elyvilon


Innate Abilities, Weirdness & Mutations

You are immune to sickness and miasma.
Your stone body is resilient. (AC +3)
You are immune to poison.
You resist negative energy. (rN+)
You are resistant to electric shocks. (rElec)
You are resistant to unholy torment.
You are immune to petrification.
You have a beak for a mouth.
Your flesh is cold resistant. (rC+)
Potions are less effective at restoring your health.
You sometimes lose the ability to read scrolls when taking damage.


Message History

You block the quokka's attack. The bat closely misses you.
You closely miss the bat. You closely miss the quokka.
The bat barely misses you. You block the quokka's attack. The quokka bites you.
You barely miss the quokka. You hit the bat. You block the bat's attack.
The bat barely misses you. The quokka closely misses you.
You block the quokka's attack.
You closely miss the quokka. The bat barely misses you.
The bat hits you but does no damage. The quokka completely misses you.
The bat hits you but does no damage. The quokka closely misses you.
You hit the bat.
You kill the bat!
You slash the quokka!
You kill the quokka!
No target in view!
No target in view!
No target in view!
No target in view!
No target in view!
No target in view!
No target in view!
No target in view!
Items here: ( )) ††.
You pick up a book of Beasts and begin reading...
You add the spells Summon Ice Beast, Summon Mana Viper and Monstrous Menagerie to your library.
Found a stone staircase leading down.
No target in view!
There is a stone staircase leading down here.
Found a robe.
No target in view!
No target in view!
k - a yellow potion
As you read the scroll of identify, it crumbles to dust.
k - a potion of mutation Really quaff the potion of mutation?
You feel extremely strange.
You lose the ability to read scrolls when threatened.
Your mouth lengthens and hardens into a beak!
Your system partially rejects the healing effects of potions.
You feel resistant to cold.
Are you sure you want to abandon this character and quit the game? (Confirm with "yes".)

#.....>#
#.#.###..#
#.#.# #..#
#.#.###.##
#.#.....#
#.###.### #.#
#.# #.# #.#
..#####@###.#
............#
..#####.#####
#.# #[# #.#
#.# ..# ###


There were no monsters in sight!

Vanquished Creatures
  2 adders (D:2)
  A worm (D:2)
  3 dart slugs
  An orc (D:3)
  4 bats
  A giant cockroach (D:1)
  3 goblins
  4 hobgoblins
  3 jackals (D:2)
  4 kobolds (D:1)
  4 quokkas
  A ball python (D:1)
  4 frilled lizards
  3 rats (D:1)
38 creatures vanquished.

Notes
Turn   | Place    | Note
-------+----------+-------------------------------------------
     0 | D:1      | bande the Gargoyle Fighter began the quest for the Orb.
     0 | D:1      | Reached XP level 1. HP: 14/14 MP: 1/1
     6 | D:1      | Noticed a polar bear
     6 | D:1      | Noticed a wyvern
     6 | D:1      | Noticed an iguana
     6 | D:1      | Noticed a black mamba
   121 | D:1      | Reached XP level 2. HP: 15/19 MP: 2/2
   943 | D:1      | Found a faded altar of an unknown god.
  1370 | D:2      | Reached XP level 3. HP: 23/23 MP: 3/3
  1966 | D:2      | Found a white marble altar of Elyvilon.
  2088 | D:2      | Reached XP level 4. HP: 28/28 MP: 4/4
  2640 | D:3      | Gained mutation: You sometimes lose the ability to read
                  | scrolls when taking damage. [potion of mutation]
  2640 | D:3      | Gained mutation: You have a beak for a mouth. [potion of
                  | mutation]
  2640 | D:3      | Gained mutation: Potions are less effective at restoring
                  | your health. [potion of mutation]
  2640 | D:3      | Gained mutation: Your flesh is cold resistant. (rC+)
                  | [potion of mutation]
  2641 | D:3      | Quit the game

Illustrated notes

Levels and vault maps discovered:
D:1:      onia_arrival_zoo_common, layout_loops_ring,
          shapermc_ecumenical_altar_flowoftime
D:2:      layout_basic, serial_corexii_hall, corexii_hall_statues_i,
          corexii_hall_statues_deadend, basic_altar
D:3:      layout_loops_ring, grunt_temple_overflow_opulence

Skill      XL: |  1  2  3 |
---------------+----------+-----
Axes           | 2 |  2.4
Shields        | 4 |  4.0
Armour         | 4 |  4.0
Fighting       | |  3.5
Dodging        | |  0.4

Action                   |  1- 3 |  4- 6 || total
-------------------------+-------+-------++-------
Melee: War axe           |   100 |    25 ||   125
  Use: Scroll            |     6 |     1 ||     7
       Potion            |       |     1 ||     1
Armor: Scale mail        |    11 |       ||    11
       Ring mail         |    52 |    13 ||    65
Dodge: Dodged            |    56 |    16 ||    72
Block: Kite shield       |    49 |    15 ||    64

Table legend: (Time is in decaauts)
 A = Elapsed time spent in this place.
 B = Non-inter-level travel time spent in this place.
 C = Inter-level travel time spent in this place.
 D = Time resting spent in this place.
 E = Time spent auto-exploring this place.
 F = Levels seen in this place.
 G = Mean time per level.
                   A        B        C        D        E       F      G
               +--------+--------+--------+--------+--------+-----+--------+
         Total |   2718 |   2690 |     28 |    231 |   2027 |   3 |  906.0 |
       Dungeon |   2718 |   2690 |     28 |    231 |   2027 |   3 |  906.0 |
               +--------+--------+--------+--------+--------+-----+--------+

Top non-repeatable levels by time:
     D:1: 1281 daAuts
     D:2: 1237 daAuts
     D:3: 199 daAuts
